 Dungeon Crawl Stone Soup version 0.30.1-3-gfc49f6343a (webtiles) character file.

Game seed: 16709539625477554141

1215 KyoPewz the Chucker (level 8, 0/80 HPs)
             Began as an Ogre Gladiator on July 30, 2023.
             Slain by Menkaure (15 damage)
             ... on level 6 of the Dungeon.
             The game lasted 00:11:31 (4460 turns).

KyoPewz the Chucker (Ogre Gladiator)                Turns: 4460, Time: 00:11:31

Health: 0/80       AC:  3    Str: 26    XL:     8   Next: 46%
Magic:  8/8        EV: 10    Int:  9    God:
Gold:   103        SH:  0    Dex: 10    Spells: 7/7 levels left

rFire   . . .        p - +8 great mace "Orhila Pian" {venom, *Noise rF- rC+++ Str+5}
rCold   + + .        (shield currently unavailable)
rNeg    . . .        i - +0 robe {Will+}
rPois   .            c - +0 hat
rElec   .            (no cloak)
rCorr   .            (gloves unavailable)
SInv    .            (boots unavailable)
Will    +....        D - amulet of magic regeneration
Stlth   +            u - ring of fire
HPRegen 0.33/turn    (no ring)
MPRegen 0.51/turn

%: no passive effects
@: lethally poisoned (0 -> -4)
A: large, unfitting armour, tough skin 1
a: no special abilities


You were on level 6 of the Dungeon.
You visited 1 branch of the dungeon, and saw 6 of its levels.

You collected 250 gold pieces.
You spent 147 gold pieces at shops.

Inventory:

Hand Weapons
 a - a +0 flail
 p - the +8 great mace "Orhila Pian" (weapon) {venom, *Noise rF- rC+++ Str+5}
   (You found it on level 4 of the Dungeon)

   Str:       It affects your strength (+5).
   rF:        It makes you vulnerable to fire.
   rC:        It renders you almost immune to cold.
   *Noise:    It may make noises in combat.
Missiles
 d - 3 throwing nets (quivered)
 e - a large rock
 g - 27 stones
 h - 14 poisoned darts
 w - 5 atropa-tipped darts
 A - 3 boomerangs
Armour
 c - a +0 hat (worn)
 i - a +0 robe of willpower (worn)
 m - a scarf of harm
 z - a +0 robe of cold resistance
Jewellery
 u - a ring of fire (left hand)
 D - an amulet of magic regeneration (around neck)
Wands
 f - a wand of roots (8)
 v - a wand of flame (48)
Scrolls
 b - a scroll of magic mapping {unknown}
 j - 3 scrolls of teleportation {unknown}
 o - 2 scrolls of amnesia
 q - 2 scrolls of vulnerability {unknown}
 r - a scroll of identify
 x - 2 scrolls of enchant weapon {unknown}
 y - a scroll of silence {unknown}
 B - 3 scrolls of blinking
 E - a scroll of enchant armour {unknown}
Potions
 k - 2 potions of flight {unknown}
 l - 2 potions of heal wounds
 n - 3 potions of cancellation
 s - 2 potions of lignification {unknown}
 t - a potion of degeneration {unknown}
 C - 2 potions of invisibility {unknown}
 F - a potion of might {unknown}
 G - a potion of haste {unknown}


   Skills:
 - Level 5.0 Fighting
 + Level 6.5 Maces & Flails
 + Level 6.9 Throwing
 - Level 2.6 Dodging


You had 7 spell levels left.
You didn't know any spells.
Your spell library contained the following spells:

 Spells                   Type           Power      Damage    Failure   Level
 Apportation              Tloc           0%         N/A       38%         1
 Magic Dart               Conj           0%         1d3       38%         1
 Necrotise                Necr           0%         1d4       38%         1
 Summon Small Mammal      Summ           0%         N/A       38%         1
 Call Imp                 Summ           0%         N/A       52%         2
 Ensorcelled Hibernation  Hex/Ice        0%         N/A       52%         2
 Passwall                 Tmut/Erth      0%         N/A       52%         2
 Mephitic Cloud           Conj/Pois/Air  0%         N/A       77%         3
 Ozocubu's Armour         Ice            0%         N/A       77%         3
 Swiftness                Air            0%         N/A       77%         3
 Animate Dead             Necr           0%         N/A       99%         4
 Iskenderun's Battlesphe  Conj           0%         2d6       100%        5
 Summon Mana Viper        Hex/Summ       0%         N/A       100%        5
 Haunt                    Necr/Summ      0%         N/A       100%        7
 Ozocubu's Refrigeration  Ice            0%         4d7       100%        7
 Spellforged Servitor     Conj/Summ      0%         N/A       100%        7
 Infestation              Necr           0%         N/A       100%        8


Dungeon Overview and Level Annotations

Branches:
Dungeon (6/15)
 Temple: D:4-7

Altars:
Fedhas
Hepliaklqana

Shops:
D:4 *:(

Annotations:
D:5 1 runed translucent door, Ethylacetat's ghost, novice OpFE
D:6 Menkaure


Innate Abilities, Weirdness & Mutations

You are too large for most types of armour.
You have tough skin. (AC +1)


Message History

Menkaure shouts!
The adder hisses angrily.
A black bear comes into view.
The black bear growls angrily.
You hit the adder.
The adder is moderately wounded.
The adder closely misses you. The adder bites you.
You take 1 damage, and have 79/80 hp.
You sock the adder!
You kill the adder!
Health restored: 80 Menkaure breathes soot at you.
Menkaure gestures at you while chanting.
You easily resist.
A hornet comes into view.
Menkaure casts a spell.
Menkaure seems to speed up.
You hear an angry buzzing noise.
You bludgeon the black bear!!
You kill the black bear!
Menkaure points at you and mumbles some strange words.
You easily resist.
Menkaure calls on the powers of darkness!
The hornet convulses!
Your body is wracked with pain!
You take 39 damage, and have 41/80 hp.
MASSIVE DAMAGE!!
The hornet barely misses you.
You sock the hornet!
The hornet is poisoned.
The hornet is almost dead.
The hornet stings you.
You suddenly lose the ability to move!
The hornet stings you.
You are poisoned.
You shrug off the repeated paralysis!
You feel very sick.
You kill the hornet!
You feel very sick. Menkaure hits you!
* * * LOW HITPOINT WARNING * * *
You can move again.
You take 25 damage, and have 17/80 hp.
MASSIVE DAMAGE!!
You completely miss Menkaure.
You feel sick. Menkaure hits you!
You die...

##... #.......... ..?.
.......#### . ##...
#####........ ..#..#.
#.......###
....[..#######.###.#.#.###
(..............#...#......
#......#.#......#####....
#......#.#.##########.###
#.....†M@..# #.......#
#......##..# #.#######
............# #<#
........##.## ###
........##.# ##......# ..
#(.....# .. #....y. ..


You could see Menkaure (fast).

Vanquished Creatures
  A hornet (D:6)
  Prince Ribbit (D:5)
  2 black bears
  An ice beast (D:4)
  A phantom (D:4)
  Blork the orc (D:5)
  A scorpion (D:5)
  A bullfrog (D:5)
  4 hounds
  A jelly (D:5)
  A sleepcap (D:5)
  Ijyb (D:5)
  An iguana (D:6)
  Terence (D:2)
  Robin (D:2)
  4 adders
  A worm (D:2)
  2 dart slugs
  7 orcs
  A bat (D:3)
  9 endoplasms
  5 giant cockroaches
  10 goblins
  11 hobgoblins
  5 quokkas
  4 ball pythons
  3 frilled lizards
  9 kobolds
  8 rats
98 creatures vanquished.

Notes
Turn   | Place    | Note
-------+----------+-------------------------------------------
     0 | D:1      | KyoPewz the Ogre Gladiator began the quest for the Orb.
     0 | D:1      | Reached XP level 1. HP: 22/22 MP: 1/1
   101 | D:1      | Reached XP level 2. HP: 27/31 MP: 2/2
   369 | D:1      | You fall into a shaft and drop 1 floor!
   369 | D:2      | Found a blossoming altar of Fedhas.
   400 | D:2      | Found a faded altar of an unknown god.
   420 | D:2      | Got Vumeps's Tome of the Missiles and the Retinue
   512 | D:1      | Reached XP level 3. HP: 37/37 MP: 3/3
   870 | D:2      | Noticed Terence
   880 | D:2      | Killed Terence
   881 | D:2      | Reached XP level 4. HP: 42/48 MP: 4/4
   982 | D:2      | Noticed Robin
  1063 | D:2      | Killed Robin
  2092 | D:3      | Found a hazy altar of Hepliaklqana.
  2357 | D:4      | Found Jaduup's Assorted Antiques.
  2357 | D:4      | Found Ikhy's Book Boutique.
  2357 | D:4      | Found Duapiyte's Weapon Boutique.
  2361 | D:4      | Bought a scroll labelled DYSTRO VUHUE for 31 gold pieces
  2361 | D:4      | Bought a scroll labelled ELOILIS CEA for 31 gold pieces
  2361 | D:4      | Bought a green potion for 27 gold pieces
  2361 | D:4      | Bought a scroll labelled MALIES QEQY for 31 gold pieces
  2361 | D:4      | Bought a metallic golden potion for 27 gold pieces
  2420 | D:4      | Reached XP level 5. HP: 54/54 MP: 5/5
  2508 | D:4      | Identified the +0 sling "Feag" {drain, Str+4}
  2765 | D:4      | Noticed an ice beast
  2769 | D:4      | Killed an ice beast
  2770 | D:4      | Reached skill level 5 in Fighting
  2770 | D:4      | Reached XP level 6. HP: 43/66 MP: 6/6
  2847 | D:4      | Identified the +8 great mace "Orhila Pian" {venom, *Noise
                  | rF- rC+++ Str+5}
  3145 | D:5      | Entered Level 5 of the Dungeon
  3153 | D:5      | Noticed Blork the orc
  3162 | D:5      | Killed Blork the orc
  3235 | D:5      | Reached XP level 7. HP: 64/72 MP: 7/7
  3268 | D:5      | Reached skill level 5 in Maces & Flails
  3268 | D:5      | Reached skill level 5 in Throwing
  3325 | D:5      | Found a runed translucent door.
  3325 | D:5      | Noticed Ethylacetat's ghost (novice OpFE)
  3376 | D:5      | Noticed Prince Ribbit
  3489 | D:5      | Killed Prince Ribbit
  3606 | D:5      | Noticed Ijyb
  3621 | D:5      | Reached XP level 8. HP: 17/80 MP: 8/8
  3623 | D:5      | Killed Ijyb
  4226 | D:5      | Identified the +1 spear of Grandeur {holy, rCorr}
  4448 | D:6      | Noticed Menkaure
  4451 | D:6      | Noticed a hornet
  4457 | D:6      | Paralysed by a hornet for 3 turns
  4458 | D:6      | Killed a hornet
  4460 | D:6      | Slain by Menkaure

Illustrated notes

Levels and vault maps discovered:
D:1:      psy_arrival_fountain, layout_rooms
D:2:      layout_rooms, shapermc_ecumenical_altar_flowoftime, basic_altar,
          dreamdust_princess_bridge, small_statue_intersection, uniq_terence,
          uniq_robin
D:3:      layout_basic, worldfamousw_hep_ancestral_shrine, serial_park_tiny_2,
          minmay_misc_feat_four_crosses
D:4:      layout_basic, nicolae_shop_distant_corner_stores
D:5:      layout_rooms, ebering_ghost_inner_flame, uniq_blork_the_orc,
          uniq_prince_ribbit1, uniq_ijyb
D:6:      layout_basic, serial_shops, nicolae_shop_rolling_square,
          nicolae_figureground_sparkle, uniq_menkaure

Skill      XL: |  1  2  3  4  5  6  7  8 |
---------------+-------------------------+-----
Fighting       | 3 4 5 |  5.0
Maces & Flails | 3 4 5 6 |  6.5
Throwing       | 3 4 6 |  6.9
Dodging        | |  2.6

Action                     |  1- 3 |  4- 6 |  7- 9 || total
---------------------------+-------+-------+-------++-------
  Melee: Flail             |    85 |   107 |       ||   192
         Punch             |       |     1 |       ||     1
         Great mace        |       |    26 |    56 ||    82
  Throw: Large rock        |       |     1 |       ||     1
    Use: Scroll            |       |     5 |       ||     5
   Stab: Sleeping          |     1 |     1 |       ||     2
 Armour: Robe              |    21 |    25 |    15 ||    61
  Dodge: Dodged            |    36 |    84 |    42 ||   162
